 Dungeon Crawl Stone Soup version 0.18.1-47-g9310371 (webtiles) character file.

13 dvd the Firebug (level 2, -4/20 HPs)
             Began as a Demigod Fire Elementalist on June 22, 2016.
             Slain by a gnoll (7 damage)
             ... on level 1 of the Dungeon.
             The game lasted 00:01:43 (446 turns).

dvd the Firebug (Demigod Fire Elementalist)          Turns: 446, Time: 00:01:43

Health: -4/20      AC:  2    Str: 11    XL:     2   Next: 12%
Magic:  1/7        EV: 13    Int: 19    God:
Gold:   51         SH:  0    Dex: 16    Spells: 1 memorised, 3 levels left

rFire  . . .     SeeInvis .     f - +0 dagger
rCold  . . .     Gourm    .     a - +0 robe
rNeg   . . .     Faith    .     (no shield)
rPois  .         Spirit   .     (no helmet)
rElec  .         Dismiss  .     (no cloak)
rCorr  .         Reflect  .     (no gloves)
SustAt +         Harm     .     (no boots)
MR     .....                    (no amulet)
Stlth  ++........               (no ring)
                                (no ring)

@: very slightly contaminated, not resistant to hostile enchantments, unstealthy
A: high mp 1, sustain attributes
a: no special abilities


You were on level 1 of the Dungeon.
You were not hungry.

You visited 1 branch of the dungeon, and saw 1 of its levels.

You collected 51 gold pieces.

Inventory:

Hand Weapons
 f - a +0 dagger (weapon)
 j - a +0 whip
 k - a +0 short sword
 l - a +0 spear
Armour
 a - a +0 robe (worn)
Scrolls
 g - a scroll of noise {unknown}
 h - a scroll of enchant armour {unknown}
Potions
 d - a potion of might {unknown}
 e - 2 potions of agility {unknown}
Books
 b - a book of Flames

   Spells                             Type                      Level
   a - Flame Tongue                   Conjuration/Fire             1
   b - Throw Flame                    Conjuration/Fire             2
   c - Conjure Flame                  Conjuration/Fire             3
   d - Inner Flame                    Hexes/Fire                   3
   e - Sticky Flame                   Conjuration/Fire             4
   f - Fireball                       Conjuration/Fire             5
Comestibles
 c - a bread ration
 i - 2 chunks of flesh


   Skills:
 + Level 2.1 Dodging
 + Level 1.8 Stealth
 + Level 1.9 Spellcasting
 + Level 0.8 Conjurations
 + Level 3.0 Fire Magic


You had 3 spell levels left.
You knew the following spells:

 Your Spells              Type           Power        Failure   Level  Hunger
a - Flame Tongue          Conj/Fire      #....        10%         1    #......


Dungeon Overview and Level Annotations

Branches:
Dungeon (1/15)


Innate Abilities, Weirdness & Mutations

You have an increased reservoir of magic (+10% MP).
Your attributes are resistant to harm.


Message History

The gnoll is moderately wounded.
The gnoll barely misses you. The gnoll hits you!
* * * LOW HITPOINT WARNING * * *
Casting: Flame Tongue
Confirm with . or Enter, or press ? or * to list all spells.
Aiming: Flame Tongue
Press: ? - help, Shift-Dir - straight line, f/p - gnoll
Aim: a gnoll (moderately wounded)
The flame tongue misses the gnoll.
The gnoll closely misses you.
A jackal comes into view.
Casting: Flame Tongue
Confirm with . or Enter, or press ? or * to list all spells.
Aiming: Flame Tongue
Press: ? - help, Shift-Dir - straight line, f/p - gnoll
Aim: a gnoll (lightly wounded)
You miscast Flame Tongue.
Wisps of smoke drift from your hands.
The jackal barks!
The gnoll hits you!
You die...

#.## #.........##.##.##.##.....
#..# #.##......#..##.#.##.#####
#..###.####.##..h###.#.#.##. .#
###..##....#..###...##.#.#.#.###.
#.......##.#.####......#.#.#..<#.
..#...####.#.# #..##...#.#.#.###.
>##.#.# #...# #.###...#.#.##...#
###.#.# ##..# #.# ##).#.##.#####
#.#.# #..# #@# #..##.##...#.
#.#.## ######g# #...##.######
#.#..## ###..# #....##......
#.##..#####...## #.....####### #
#.###....##.### ###.# ####......#
..#.# #......# #.#.# #......#
#†..# #......#


You could see a gnoll and a jackal.

Vanquished Creatures
  A giant gecko (D:1)
  3 giant cockroaches (D:1)
  2 goblins (D:1)
  2 kobolds (D:1)
  A giant newt (D:1)
  A rat (D:1)
10 creatures vanquished.

Notes
Turn   | Place    | Note
--------------------------------------------------------------
     0 | D:1      | dvd the Demigod Fire Elementalist began the quest for the Orb.
     0 | D:1      | Reached XP level 1. HP: 14/14 MP: 5/5
   353 | D:1      | Reached skill level 3 in Fire Magic
   353 | D:1      | Reached XP level 2. HP: 20/20 MP: 7/7
   446 | D:1      | Slain by a gnoll

Skill      XL: |  1 |
---------------+----+-----
Dodging        | 2 |  2.1
Fire Magic     | 3 |  3.0
Stealth        | |  1.8
Spellcasting   | |  1.9
Conjurations   | |  0.8

Action                   || total
-------------------------++-------
Melee: Dagger            ||     2
       Whip              ||     1
 Cast: Flame Tongue      ||    20
 Stab: Sleeping          ||     2
Armor: Robe              ||     4
Dodge: Dodged            ||     9
